 Dungeon Crawl Stone Soup version 0.19.4-8-ga85b6b9 (webtiles) character file.

79759 tschems the Peltast (level 16, -6/122 HPs)
             Began as a Human Fighter on Feb 3, 2017.
             Was the Champion of Qazlal.
             Killed by the air
             ... invoked by a wind drake
              (13 damage)
             ... on level 4 of the Shoals on Feb 10, 2017.
             The game lasted 03:41:36 (27051 turns).

tschems the Peltast (Human Fighter)                Turns: 27051, Time: 03:41:37

Health: -6/122     AC: 22    Str: 27    XL:     16   Next: 12%
Magic:  25/25      EV: 13    Int:  9    God:    Qazlal [******]
Gold:   467        SH: 27    Dex: 21    Spells: 0 memorised, 15 levels left

rFire  + . .     SeeInvis .     E - +1 scimitar (flame)
rCold  . . .     Gourm    .     s - +0 chain mail of Uskayaw's Benevolence {rF+}
rNeg   . . .     Faith    .     K - +0 shield {reflect}
rPois  .         Spirit   .     v - +0 helmet
rElec  .         Reflect  +     S - +1 cloak
rCorr  .         Harm     .     Q - +0 pair of gloves
MR     ++...                    C - +1 pair of boots {run}
Stlth  ..........               b - +4 amulet of reflection
                                G - ring "Tisogh" {MR+ MP+9 Dex+3}
                                y - +4 ring of dexterity

@: mighty, protected from physical damage, mesmerised, repel missiles, quick
A: no striking features
a: Upheaval, Elemental Force, Disaster Area, Renounce Religion


You were on level 4 of the Shoals.
You worshipped Qazlal.
Qazlal was exalted by your worship.
You were not hungry.

You visited 4 branches of the dungeon, and saw 17 of its levels.
You also visited: Ossuary.

You collected 842 gold pieces.
You spent 375 gold pieces at shops.

Inventory:

Hand Weapons
 a - a +1 war axe
 E - a +1 scimitar of flaming (weapon)
Missiles
 j - 328 stones
 o - 5 javelins of penetration
 t - 22 tomahawks
 R - 5 silver tomahawks (quivered)
 U - 19 javelins of returning
Armour
 m - a +0 cloak of invisibility
 s - the +0 chain mail of Uskayaw's Benevolence (worn) {rF+}
   (You found it on level 2 of the Lair of Beasts)

   It protects you from fire.
 v - a +0 helmet (worn)
 C - a +1 pair of boots of running (worn)
 D - a +0 chain mail
 K - a +0 shield of reflection (worn)
 Q - a +0 pair of gloves (worn)
 S - a +1 cloak (worn)
Jewellery
 b - a +4 amulet of reflection (around neck)
 h - an uncursed ring of ice
 y - a +4 ring of dexterity (left hand)
 z - an uncursed ring of stealth
 B - an uncursed ring of protection from fire
 G - the ring "Tisogh" (right hand) {MR+ MP+9 Dex+3}
   (You found it on level 8 of the Dungeon)

   [ring of magical power]

   It affects your dexterity (+3).
   It affects your resistance to hostile enchantments.
   It affects your magic capacity (+9).
 H - an uncursed ring of positive energy
 P - an uncursed ring of positive energy
Wands
 L - a wand of teleportation (6/9)
Scrolls
 e - 10 scrolls of remove curse
 g - 4 scrolls of enchant armour
 l - 15 scrolls of identify
 p - 4 scrolls of recharging
 u - 2 scrolls of fog
 A - 3 scrolls of magic mapping
 F - a scroll of summoning
 I - a scroll of enchant weapon
 X - 2 scrolls of fear
Potions
 d - 2 potions of might
 i - a potion of haste
 r - 6 potions of agility
 w - 2 potions of invisibility
 x - 2 potions of cure mutation
 T - a potion of cancellation
 Y - a potion of ambrosia
Miscellaneous
 J - a disc of storms
Comestibles
 c - 3 chunks of flesh
 f - 9 bread rations
 k - 3 beef jerkies
 q - 14 fruits
 M - 7 slices of pizza


   Skills:
 + Level 10.2 Fighting
 + Level 1.8 Long Blades
 + Level 14.6 Axes
 + Level 8.3 Throwing
 + Level 10.1 Armour
 + Level 5.9 Dodging
 + Level 2.3 Stealth
 + Level 15.2 Shields


You had 15 spell levels left.
You didn't know any spells.

Dungeon Overview and Level Annotations

Branches:
Dungeon (10/15)            Temple (1/1) D:4            Lair (2/6) D:10
 Shoals (4/4) Lair:2       Spider (0/4) Lair:2          Orc (0/2) D:10

Altars:
Cheibriados
Dithmenos
Elyvilon
Fedhas
Gozag
Hepliaklqana
Kikubaaqudgha
Nemelex Xobeh
Okawaru
Qazlal
Ru
Sif Muna
Trog
Uskayaw
Zin
The Shining One
Jiyva

Shops:
D:4 *   D:7 =

Annotations:
Shoals:2 exclusion: 2 oklob plants
Shoals:3 Ilsuiw


Message History

You are blown backwards!
Throwing (i - inventory. (,) - cycle):
j - 329 stones (quivered)
Press: ? - help, Shift-Dir - straight line, f/p - wind drake
Aim: a wind drake (lightly wounded, deflecting missiles, catching its breath)
You throw a stone. The wind drake deflects the stone!
The stone hits the siren.
The siren is moderately wounded.
The merfolk javelineer hits the plant with a spear!
Quivering
R - 6 silver tomahawks for throwing.
Throwing (i - inventory. (,) - cycle):
R - 6 silver tomahawks (quivered)
Press: ? - help, Shift-Dir - straight line, f/p - wind drake
Aim: a wind drake (lightly wounded, deflecting missiles, catching its breath)
You throw a silver tomahawk.
The wind drake deflects the silver tomahawk!
The wind drake is no longer deflecting missiles.
The silver tomahawk completely misses the siren.
The silver tomahawk hits the merfolk!
The merfolk is moderately wounded.
The wind drake flaps its wings at you. The air twists around and strikes you!
You die...

.......... ≈≈≈≈..≈ ...(......
≈≈≈.....≈.. ..........
≈≈≈....≈≈. ...........
≈≈≈..≈≈≈.. ≈..####.....
≈≈...≈... ..≈..........
.........≈§.. ........≈≈....
.PPP.≈P≈≈≈.§##......≈≈≈≈≈≈.W.
.P.....≈≈≈$.@§§.# .≈≈≈≈≈≈≈..
.......≈≈≈≈...≈.# .≈≈≈≈≈≈≈≈.
...P..[..≈§§§§§≈..≈≈≈≈≈≈≈≈≈≈.
...P..P..≈≈≈≈≈≈≈≈≈≈≈ ≈≈≈≈≈≈≈.
.PP...P.PmkP≈§≈≈≈≈≈≈≈≈
.PP..<.≈P≈mm≈P.≈≈≈≈≈≈≈≈≈
..P....≈..mmm≈≈≈≈≈≈≈≈≈≈≈
...P.....m.k.≈≈≈≈≈≈≈≈≈≈≈
........##...≈≈.≈≈≈≈≈≈≈


You could see a merfolk javelineer, 2 wind drakes, 5 merfolk and a siren.

Vanquished Creatures
  2 krakens
  Kirke (Shoals:3)
  2 merfolk impalers
  A merfolk javelineer (Shoals:3)
  Erolcha (D:10)
  2 hydras
  A merfolk avatar (Shoals:4)
  5 merfolk aquamancers
  A catoblepas (Shoals:2)
  A satyr (Shoals:3)
  Erica (D:8)
  The ghost of Yarinad the Cleaver, a novice HOFi of Cheibriados (D:10)
  Urug (D:9)
  12 sea snakes
  2 hill giants (D:9)
  19 harpies
  2 fauns
  An oklob plant (Shoals:1)
  An elephant (D:9)
  A salamander (Lair:2)
  12 manticores
  13 sirens
  7 water nymphs
  Maurice (D:9)
  A black mamba (Lair:1)
  A molten gargoyle (Lair:2)
  7 spiny frogs
  2 komodo dragons (Lair:1)
  25 merfolk
  2 jumping spiders (Lair:2)
  A two-headed ogre (D:9)
  4 blink frogs
  2 slime creatures
  A hornet (D:8)
  6 snapping turtles
  6 wind drakes
  4 dream sheep (Shoals:1)
  8 hippogriffs
  2 redbacks
  A wyvern (D:9)
  11 hogs
  12 water elementals
  26 yaks
  Grum (D:8)
  4 fire bats
  2 basilisks
  3 humans (D:9)
  A warg (D:9)
  6 water moccasins
  8 porcupines
  A sky beast (D:7)
  An ice beast (D:9)
  6 ogres
  2 black bears
  A necrophage (D:9)
  2 orc warriors
  2 eyes of draining (D:9)
  A boggart (shapeshifter) (D:8)
  10 wolves
  11 centaurs
  2 crocodiles
  A big kobold (D:8)
  9 bullfrogs
  2 water moccasin zombies (Ossuary)
  A wyvern skeleton (D:10)
  5 scorpions
  9 killer bees
  7 jellies
  5 wights (D:9)
  2 electric eels (Lair:2)
  5 howler monkeys
  8 crimson imps
  A quasit (D:7)
  A centaur zombie (D:8)
  5 hounds
  2 centaur skeletons
  6 orc priests
  2 bullfrog skeletons
  9 orc wizards
  4 iguanas
  11 worker ants
  4 big kobold zombies (Ossuary)
  A hound zombie (D:5)
  A hound skeleton (D:4)
  2 mummies (Ossuary)
  Robin (D:4)
  7 gnolls
  A howler monkey skeleton (D:8)
  10 adders
  3 shadow imps
  2 oozes (D:2)
  3 adder skeletons
  3 adder zombies
  4 dart slugs
  4 leopard geckos
  22 orcs
  9 bats
  4 giant cockroaches
  2 gnoll zombies (Ossuary)
  22 goblins
  10 hobgoblins
  6 jackals
  8 kobolds
  4 quokkas
  8 frilled lizards
  7 hobgoblin zombies (Ossuary)
  2 jackal skeletons
  3 kobold zombies (Ossuary)
  2 leopard gecko skeletons
  5 orc zombies (Ossuary)
  11 rats
  13 fungi
  23 plants
  8 tentacles
587 creatures vanquished.

Vanquished Creatures (others)
  2 merfolk javelineers
  A wizard (D:3)
  A cyclops (Shoals:1)
  2 manticores
  2 merfolk
  A basilisk (Shoals:2)
  4 centaurs
  3 fungi
  7 plants
  44 tentacles
  A withered plant (Shoals:3)
68 creatures vanquished.

Grand Total: 655 creatures vanquished

Notes
Turn   | Place    | Note
-------+----------+-------------------------------------------
     0 | D:1      | tschems the Human Fighter began the quest for the Orb.
     0 | D:1      | Reached XP level 1. HP: 18/18 MP: 1/1
   146 | D:1      | Reached XP level 2. HP: 18/24 MP: 2/2
   877 | D:1      | Reached XP level 3. HP: 29/29 MP: 3/3
  1284 | D:2      | Found a shadowy altar of Dithmenos.
  1498 | D:2      | Reached XP level 4. HP: 30/35 MP: 4/4
  1720 | D:2      | Reached skill level 1 in Dodging
  1724 | D:2      | Reached XP level 5. HP: 18/41 MP: 5/5
  2467 | D:3      | Noticed a bullfrog
  2481 | D:3      | Killed a bullfrog
  2481 | D:3      | Reached skill level 4 in Shields
  2481 | D:3      | Reached XP level 6. HP: 33/48 MP: 6/6
  2859 | D:3      | Found a bloodstained altar of Trog.
  2860 | D:3      | Noticed a wizard
  2865 | D:3      | Killed a wizard
  3204 | D:4      | Found a staircase to the Ecumenical Temple.
  3281 | Temple   | Entered the Ecumenical Temple
  3361 | Temple   | Became a worshipper of Qazlal Stormbringer
  3467 | D:4      | Found Komug's Elemental Accessories.
  3558 | D:4      | Noticed Robin
  3577 | D:4      | Killed Robin
  3690 | D:4      | Reached XP level 7. HP: 38/53 MP: 7/7
  3816 | D:4      | Reached * piety under Qazlal
  4011 | D:4      | Reached skill level 5 in Axes
  4093 | D:4      | Found a hazy altar of Hepliaklqana.
  4139 | D:5      | Entered Level 5 of the Dungeon
  4142 | D:5      | Found a sacrificial altar of Ru.
  4175 | D:5      | Reached skill level 5 in Shields
  4175 | D:5      | Reached XP level 8. HP: 40/60 MP: 8/8
  4181 | D:5      | Reached skill level 5 in Armour
  4369 | D:5      | Found a sand-covered staircase.
  4374 | Ossuary  | Entered an ossuary
  4493 | Ossuary  | Reached ** piety under Qazlal
  5592 | D:6      | Reached skill level 6 in Shields
  5592 | D:6      | Reached XP level 9. HP: 59/66 MP: 9/9
  6020 | D:7      | Reached *** piety under Qazlal
  6043 | D:7      | Identified a scroll of acquirement
  6045 | D:7      | Identified a +1 pair of boots of running (You acquired it on level 7 of the Dungeon)
  6089 | D:7      | Reached skill level 5 in Fighting
  6476 | D:7      | Reached skill level 1 in Throwing
  6515 | D:7      | Reached skill level 7 in Shields
  6578 | D:7      | Found Daruuck's Jewellery Boutique.
  6583 | D:7      | Bought a +4 amulet of reflection for 375 gold pieces
  6931 | D:7      | Found a sparkling altar of Nemelex Xobeh.
  7149 | D:8      | Noticed a hippogriff
  7163 | D:8      | Killed a hippogriff
  7192 | D:8      | Noticed Erica
  7215 | D:8      | Killed Erica
  7215 | D:8      | Reached skill level 8 in Shields
  7215 | D:8      | Reached XP level 10. HP: 46/74 MP: 10/10
  7628 | D:8      | Noticed Grum
  7907 | D:8      | Killed Grum
  8068 | D:8      | Reached **** piety under Qazlal
  8117 | D:8      | Got a faintly glowing iron ring
  8721 | D:8      | Identified the ring "Tisogh" {MR+ MP+9 Dex+3} (You found it on level 8 of the Dungeon)
  8738 | D:8      | Reached skill level 9 in Shields
  8738 | D:8      | Reached XP level 11. HP: 81/81 MP: 11/11
  8859 | D:9      | Found an opulent altar of Gozag.
  9180 | D:9      | Reached skill level 10 in Axes
  9442 | D:9      | Found an iron altar of Okawaru.
  9725 | D:9      | Reached skill level 1 in Stealth
  9788 | D:10     | Entered Level 10 of the Dungeon
  9788 | D:10     | Found a staircase to the Lair.
  9788 | D:10     | Noticed an elephant
  9788 | D:10     | Noticed Maurice
  9788 | D:10     | Noticed a hill giant
  9800 | D:9      | Killed a hill giant
  9952 | D:10     | Noticed Urug
  9970 | D:9      | Killed an elephant
  9970 | D:9      | Reached skill level 10 in Shields
  9975 | D:9      | Killed Maurice
 10002 | D:10     | Reached ***** piety under Qazlal
 10259 | D:10     | Noticed Yarinad's ghost (novice HOFi)
 10280 | D:9      | Killed Urug
 10280 | D:9      | Reached XP level 12. HP: 80/91 MP: 12/12
 11214 | D:10     | Noticed Erolcha
 11599 | D:10     | Killed Erolcha
 11897 | D:10     | Killed Yarinad's ghost
 11957 | D:8      | Paralysed by a hornet for 1 turns
 12218 | D:9      | Reached skill level 11 in Shields
 12297 | D:10     | Found a viscous altar of Jiyva.
 12469 | D:10     | Found a staircase to the Orcish Mines.
 12999 | D:10     | Upgraded the game from 0.19.4 to 0.19.4-8-ga85b6b9
 13000 | Lair:1   | Entered Level 1 of the Lair of Beasts
 13966 | Lair:1   | Reached skill level 5 in Throwing
 14154 | Lair:1   | Reached XP level 13. HP: 78/98 MP: 13/13
 14508 | Lair:2   | Reached skill level 12 in Shields
 14654 | Lair:2   | Noticed an eight-headed hydra
 14668 | Lair:2   | Killed a three-headed hydra
 14938 | Lair:1   | Noticed a four-headed hydra
 14952 | Lair:1   | Killed a one-headed hydra
 14952 | Lair:1   | Reached skill level 1 in Long Blades
 15446 | Lair:2   | Found a hole to the Spider Nest.
 15710 | Lair:2   | Got a bloodstained chain mail
 15711 | Lair:2   | Identified the +0 chain mail of Uskayaw's Benevolence {rF+} (You found it on level 2 of the Lair of Beasts)
 16331 | Lair:2   | Found a staircase to the Shoals.
 16511 | Shoals:1 | Entered Level 1 of the Shoals
 17604 | Shoals:1 | Noticed a kraken
 17615 | Shoals:1 | Noticed a merfolk javelineer
 17643 | Lair:2   | Reached XP level 14. HP: 85/106 MP: 14/14
 17665 | Lair:2   | Reached ****** piety under Qazlal
 17735 | Lair:2   | Reached skill level 5 in Dodging
 17807 | Lair:2   | Reached skill level 13 in Shields
 18198 | Shoals:1 | Killed a kraken
 18847 | Shoals:1 | Found a snail-covered altar of Cheibriados.
 21538 | Shoals:2 | Reached skill level 14 in Shields
 22188 | Shoals:2 | Reached XP level 15. HP: 97/114 MP: 15/15
 23691 | Shoals:3 | Noticed Kirke
 23729 | Shoals:3 | Killed Kirke
 23729 | Shoals:3 | Reached skill level 10 in Fighting
 24105 | Shoals:3 | Noticed a kraken
 24727 | Shoals:3 | Killed a kraken
 25390 | Shoals:3 | Reached skill level 10 in Armour
 25465 | Shoals:4 | Entered Level 4 of the Shoals
 25470 | Shoals:4 | Noticed Ilsuiw
 25713 | Shoals:3 | Reached skill level 15 in Shields
 26209 | Shoals:4 | Reached XP level 16. HP: 24/122 MP: 16/16
 27019 | Shoals:4 | HP: 6/122 [manticore/volley of spikes (5)]
 27036 | Shoals:4 | HP: 5/122 [wind drake/the air (4)]
 27051 | Shoals:4 | Killed from afar by a wind drake

Skill      XL: |  1  2  3  4  5  6  7  8  9 10 11 12 13 14 15 |
---------------+----------------------------------------------+-----
Dodging        | 1 2 3 4 5 |  5.9
Axes           | 3 4 5 6 8 9 11 12 13 14 | 14.6
Shields        | 4 5 6 8 9 10 11 12 14 15 | 15.2
Armour         | 4 5 6 7 8 9 10 | 10.1
Fighting       | 4 5 6 7 8 9 10 | 10.2
Throwing       | 2 3 4 5 6 7 8 |  8.3
Stealth        | 1 2 |  2.3
Long Blades    | 1 |  1.8

Action                   |  1- 3 |  4- 6 |  7- 9 | 10-12 | 13-15 | 16-18 || total
-------------------------+-------+-------+-------+-------+-------+-------++-------
Melee: War axe           |   117 |   276 |   468 |   734 |  1055 |    93 ||  2743
       Scimitar          |       |       |       |       |    23 |    15 ||    38
Throw: Stone             |       |    49 |    55 |   226 |   382 |    24 ||   736
       Javelin           |       |       |       |       |    24 |    13 ||    37
       Tomahawk          |       |       |       |       |    28 |    11 ||    39
  Use: Potion            |     3 |     2 |     4 |     6 |     6 |     3 ||    24
       Scroll            |     2 |     7 |     4 |     7 |     4 |     2 ||    26
  Eat: Chunk             |     2 |     8 |     9 |     9 |    20 |       ||    48
       Royal jelly       |       |       |     1 |       |     1 |       ||     2
       Meat ration       |       |       |     1 |     1 |     2 |     1 ||     5
       Bread ration      |       |       |       |     1 |       |       ||     1
       Beef jerky        |       |       |       |       |     5 |       ||     5
Armor: Scale mail        |    50 |    96 |   138 |       |       |       ||   284
       Chain mail        |       |       |    26 |   149 |   327 |    37 ||   539
Dodge: Dodged            |    31 |    77 |   138 |   119 |   305 |    43 ||   713
       Deflected         |       |       |       |     3 |    36 |       ||    39
Block: Shield            |    66 |   150 |   403 |   802 |  1559 |   187 ||  3167
       Reflection        |       |       |       |    15 |   113 |     5 ||   133
       Rpst.: Scimitar   |       |       |       |       |       |     2 ||     2
